 Dungeon Crawl Stone Soup version 0.28.0-45-g0d030f2227 (webtiles) character file.

Game seed: 3028975384658390209

143263 joshe the Eclecticist (level 16, -44/79 (80) HPs)
             Began as a Deep Elf Conjurer on Apr 4, 2022.
             Was a High Priest of Vehumet.
             Killed from afar by an ancient lich (77 damage)
             ... with a crystal spear
             ... in a wizard's laboratory on Apr 5, 2022.
             The game lasted 04:09:15 (34977 turns).

joshe the Eclecticist (Deep Elf Conjurer)          Turns: 34977, Time: 04:09:16

HP:   -44/79 (80)   AC: 12    Str:  7    XL:     16   Next: 82%
MP:   22/42         EV: 13    Int: 38    God:    Vehumet [*****.]
Gold: 1209          SH:  0    Dex: 13    Spells: 10/55 levels left

rFire   + + .      SeeInvis .   W - staff of fire
rCold   + + .      Faith    .   (no shield)
rNeg    . . .      Spirit   .   h - +2 robe {Archmagi}
rPois   .          Reflect  .   S - +2 hat {Will+}
rElec   .          Harm     .   y - scarf {rC+ rF+}
rCorr   .          Rampage  .   K - +2 pair of gloves {Str+3}
Will    ++...      Archmagi +   e - +2 pair of boots
Stlth   ++........              t - amulet of the acrobat
HPRegen 0.23/turn               (no ring)
MPRegen 0.28/turn               P - ring of Xonatam {rC+ Int+6 Slay+2}

@: hasted, studying Bows, lightly drained, very quick
A: no striking features
a: Renounce Religion


You were in a wizard's laboratory.
You worshipped Vehumet.
Vehumet was extremely pleased with you.
You visited 5 branches of the dungeon, and saw 24 of its levels.
You also visited: Bailey, Gauntlet, Ice Cave, Volcano and Wizlab.

You collected 2796 gold pieces.
You spent 1587 gold pieces at shops.

Inventory:

Hand Weapons
 b - a +8 dagger of venom
Armour
 e - a +2 pair of boots (worn)
 h - a +2 robe of the Archmagi (worn)
 y - a scarf of resistance (worn)
 K - a +2 pair of gloves of strength (worn)
 Q - the +2 leather armour of Untruth {rElec Will+ Regen+ Dex+2}
   (You found it in a Gauntlet)

   Dex:       It affects your dexterity (+2).
   rElec:     It insulates you from electricity.
   Regen:     It increases your rate of health regeneration.
   Will:      It increases your willpower.
 S - a +2 hat of willpower (worn)
 Z - a +0 buckler
Magical Staves
 W - a staff of fire (weapon)
Jewellery
 c - the amulet "Joefyul" {RegenMP Rampage Str+2 Dex+3}
   (You found it on level 12 of the Dungeon)

   [amulet of magic regeneration]

   It increases your rate of magic regeneration.
   Str:       It affects your strength (+2).
   Dex:       It affects your dexterity (+3).
   Rampage:   It bestows one free step when moving towards enemies.
 f - a +4 ring of evasion
 g - the ring "Plog" {Fire rElec rPois Stlth+}
   (You bought it in a shop on level 2 of the Orcish Mines)

   [ring of fire]

   It enhances your fire magic.
   rF:        It protects you from fire.
   rC:        It makes you vulnerable to cold.
   rElec:     It insulates you from electricity.
   rPois:     It protects you from poison.
   Stlth:     It makes you more stealthy.
 t - an amulet of the acrobat (around neck)
 G - a ring of positive energy
 N - the ring of Sewit {rF+ Will+ Str+2}
   (You found it in a Gauntlet)

   [ring of protection from fire]

   Str:       It affects your strength (+2).
   rF:        It protects you from fire.
   Will:      It increases your willpower.
 P - the ring of Xonatam (right hand) {rC+ Int+6 Slay+2}
   (You found it in a Gauntlet)

   [ring of protection from cold]

   Int:       It affects your intelligence (+6).
   Slay:      It affects your accuracy & damage with ranged weapons and melee
   (+2).
   rC:        It protects you from cold.
 R - a ring of see invisible
Wands
 q - a wand of mindburst (7)
 s - a wand of digging (9)
 x - a wand of flame (37)
 B - a wand of iceblast (26)
 J - a wand of acid (9)
 M - a wand of charming (4)
Scrolls
 a - 5 scrolls of fear
 d - 7 scrolls of identify
 i - 6 scrolls of teleportation
 m - 3 scrolls of blinking
 o - 2 scrolls of magic mapping
 p - a scroll of brand weapon
 r - a scroll of acquirement
 u - a scroll of silence
 A - 3 scrolls of fog
 D - 2 scrolls of amnesia
 L - 3 scrolls of immolation
 O - 4 scrolls of summoning
Potions
 j - 3 potions of haste
 n - 7 potions of curing
 v - 4 potions of cancellation
 w - 2 potions of mutation
 z - 4 potions of resistance
 C - 2 potions of flight
 E - 3 potions of brilliance
 F - 2 potions of might
 X - a potion of heal wounds
Miscellaneous
 k - a box of beasts
 l - a phial of floods
 H - a condenser vane
 Y - a phantom mirror


   Skills:
 - Level 2.0 Fighting
 - Level 5.0 Dodging
 - Level 3.0 Stealth
 - Level 20.0 Spellcasting
 - Level 14.0 Conjurations
 - Level 16.0 Hexes
 - Level 8.0 Summonings
 - Level 5.0 Translocations
 - Level 15.0 Fire Magic
 - Level 2.0 Air Magic
 + Level 12.7 Earth Magic
 - Level 2.0 Poison Magic
 - Level 4.0 Evocations


You had 10 spell levels left.
You knew the following spells:

 Your Spells              Type           Power      Damage    Failure   Level
a - Magic Dart            Conj           100%       1d8       0%          1
b - Searing Ray           Conj           100%       2d8       0%          2
c - Fulminant Prism       Conj/Hex       61%        3d27      0%          4
d - Iskenderun's Mystic   Conj/Tloc      100%       2d19      1%          4
e - Stone Arrow           Conj/Erth      100%       3d13      0%          3
f - Mephitic Cloud        Conj/Pois/Air  90%        N/A       1%          3
g - Fireball              Conj/Fire      73%        3d27      1%          5
h - Spellforged Servitor  Conj/Summ      55%        N/A       1%          7
i - Ignition              Fire           74%        3d19      2%          8
j - Lehudib's Crystal Sp  Conj/Erth      59%        10d14     5%          8

Your spell library contained the following spells:

 Spells                   Type           Power      Damage    Failure   Level
 Lightning Bolt           Conj/Air       49%        1d70      1%          5
 Scorch                   Fire           100%       2d10      0%          2
 Dazzling Flash           Conj/Hex       100%       N/A       0%          3
 Inner Flame              Hex/Fire       100%       N/A       0%          3
 Cause Fear               Hex            63%        N/A       0%          4
 Flame Wave               Conj/Fire      100%       2d17      0%          4
 Animate Skeleton         Necr           100%       N/A       1%          1
 Apportation              Tloc           100%       N/A       1%          1
 Summon Small Mammal      Summ           100%       N/A       1%          1
 Call Imp                 Summ           99%        N/A       1%          2
 Ensorcelled Hibernation  Hex/Ice        100%       N/A       1%          2
 Passwall                 Tmut/Erth      76%        N/A       1%          2
 Gell's Gravitas          Tloc           85%        N/A       1%          3
 Swiftness                Air            68%        N/A       1%          3
 Teleport Other           Tloc           85%        N/A       1%          3
 Animate Armour           Summ/Erth      100%       N/A       1%          4
 Borgnjor's Vile Clutch   Necr/Erth      46%        N/A       1%          5
 Starburst                Conj/Fire      73%        6d19      1%          6
 Ozocubu's Armour         Ice            54%        N/A       2%          3
 Summon Cactus Giant      Summ           49%        N/A       4%          6
 Animate Dead             Necr           27%        N/A       7%          4
 Discord                  Hex            63%        N/A       7%          8
 Dispersal                Tloc           42%        N/A       14%         6
 Death Channel            Necr           27%        N/A       73%         6
 Ozocubu's Refrigeration  Ice            27%        4d10      80%         7


Dungeon Overview and Level Annotations

Branches:
Dungeon (12/15)            Temple (1/1) D:6            Lair (6/6) D:9
 Shoals (0/4) Lair:4       Spider (0/4) Lair:4        Slime (0/5) Lair:6
    Orc (2/2) D:12            Elf (3/3) Orc:2        Bailey (visited)
  IceCv (visited)         Volcano (visited)          WizLab (1/1)
Gauntlet (visited)

Altars:
Ashenzari
Cheibriados
Dithmenos
Elyvilon
Fedhas
Gozag
Hepliaklqana
Kikubaaqudgha
Makhleb
Nemelex Xobeh
Okawaru
Qazlal
Ru
Sif Muna
Trog
Uskayaw
Vehumet
Wu Jian
Xom
Yredelemnul
Zin
The Shining One

Shops:
D:1 *   D:10 ?   D:12 (   Orc:1 (?   Orc:2 ([=*   Elf:2 [


Message History

The mystic blast hits your spellforged servitor!!
You destroy your spellforged servitor!
Your spellforged servitor disappears in a puff of smoke!
The mystic blast hits something!
The mystic blast hits the spriggan defender zombie!!
The spriggan defender zombie is almost destroyed.
The spriggan defender zombie is knocked back by the mystic blast.
The spriggan defender zombie collides with the stone giant zombie!
The spriggan defender zombie is almost destroyed.
Unknown command.
Casting: Iskenderun's Mystic Blast (safe; 1% risk of failure)
Confirm with . or Enter, or press ? or * to list all spells.
Okay, then.
You feel much better. The spriggan defender zombie hits you!
Casting: Iskenderun's Mystic Blast (safe; 1% risk of failure)
Confirm with . or Enter, or press ? or * to list all spells.
You feel a surge of power!
You erupt in a blast of force!
The mystic blast hits the stone giant zombie!!
The stone giant zombie is moderately damaged.
The stone giant zombie is knocked back by the mystic blast.
The stone giant zombie collides with the ettin zombie!
The ettin zombie is heavily damaged.
The mystic blast hits the spriggan defender zombie!!
You destroy the spriggan defender zombie!
Vehumet accepts your kill.
Vehumet offers you knowledge of Lightning Bolt.
You feel your power returning.
Casting: Iskenderun's Mystic Blast (safe; 1% risk of failure)
Confirm with . or Enter, or press ? or * to list all spells.
Okay, then.
You're wearing all the rings you can.
Remove which one? (? for menu, Esc to cancel) < or
g - the ring "Plog" {Fire rElec rPois Stlth+} > or
P - the ring of Xonatam {rC+ Int+6 Slay+2} You remove the ring "Plog" {Fire rElec rPois Stlth+}.
You hear some strange, mumbled words.
A crystal spear appears from out of thin air!
The crystal spear hits you!!!!
Ouch! That really hurt!
You die...

############# #...........#
#...........# #...........#
#..∩..∩..∩..# #..@..{Z....#
#...........# #...........#
###################Z#############
...................ZZ............
.................................
...................M.?(..........
...###....##...............##....
...# #....# Z..........M... ...


You could see 2 spriggan berserker zombies, an ettin zombie and a stone giant
zombie.

Vanquished Creatures
  A deep elf blademaster (Elf:2)
  Gastronok (Lair:3)
  Donald (Elf:2)
  A reaper (IceCv)
  The ghost of AlmostDecent the Severer, a journeyman TeFi of Okawaru (D:12)
  Azrael (Orc:2)
  A deep elf demonologist (Elf:2)
  A deep elf annihilator (Elf:3)
  A dire elephant (Lair:6)
  Snorg (D:10)
  A mummy priest (WizLab)
  Fannar (Orc:1)
  A spriggan zombie (WizLab)
  10 hydras
  A boulder beetle (D:9)
  A merfolk avatar (Lair:6)
  26 dancing weapons
  7 two-headed ogres
  The ghost of Icepheonix32 the Transmogrifier, a novice DrTm of Uskayaw (D:9)
  An orc high priest (Elf:1)
  Sonja (Lair:1)
  15 deep elf knights
  2 glowing orange brains (Gauntlet)
  A sea snake (Lair:6)
  4 deep elf archers
  21 deep elf zephyrmancers
  3 orc knights
  3 harpies
  6 wizards
  22 deep elf pyromancers
  4 orc sorcerers (Orc:2)
  2 ugly things (Gauntlet)
  3 manticores
  2 moths of wrath (D:12)
  5 toenail golems (Volcano)
  11 elephants
  The ghost of Kazon the Skirmisher, a novice HOMo of Beogh (D:5)
  5 black mambas
  An ice statue (IceCv)
  Maurice (Orc:2)
  12 cane toads
  A torpor snail (Lair:6)
  A gargoyle (D:9)
  17 komodo dragons
  2 unseen horrors (D:12)
  A freezing wraith (IceCv)
  An anaconda simulacrum (IceCv)
  A tengu conjurer (D:9)
  6 rime drakes
  2 ice devils (D:11)
  4 trolls
  2 entropy weaver simulacra (IceCv)
  2 guardian mummies (WizLab)
  Prince Ribbit (Lair:2)
  3 polar bears
  A wolf spider simulacrum (Gauntlet)
  2 hornets
  21 blink frogs
  11 dream sheep
  A snapping turtle (Lair:6)
  A centaur simulacrum (Gauntlet)
  3 water elementals
  5 air elementals
  A vampire (D:12)
  A wraith (D:11)
  48 yaks
  3 fire elementals
  3 fire bats (Lair:3)
  10 wyverns
  2 steam dragons
  A nameless horror (Orc:1)
  6 basilisks
  2 vampire mosquitoes (D:6)
  2 redbacks (D:12)
  3 wargs
  A harpy simulacrum (IceCv)
  2 swamp worms (Gauntlet)
  An acid dragon (D:11)
  16 water moccasins
  A hydra simulacrum (Gauntlet)
  A hell hound (Orc:2)
  A black bear (D:7)
  A sky beast (D:7)
  28 orc warriors
  2 necrophages
  An ice beast (D:7)
  6 ogres
  10 centaurs
  10 wolves
  A boggart (Elf:1)
  A phantom (D:5)
  2 kobold brigands
  11 bullfrogs
  5 two-headed ogre simulacra (IceCv)
  3 earth elementals
  A wyvern zombie (D:7)
  2 scorpions
  A water moccasin zombie (D:5)
  An elephant simulacrum (IceCv)
  8 killer bees (D:9)
  4 wights (D:8)
  An electric eel (Lair:4)
  7 howler monkeys
  3 bullfrog skeletons (D:6)
  7 centaur zombies
  5 hounds
  11 orc priests
  5 iguanas
  2 jellies (Lair:6)
  A centaur skeleton (D:6)
  A gnoll shaman (D:8)
  10 orc wizards
  3 polar bear simulacra (IceCv)
  4 spriggan simulacra (IceCv)
  8 troll simulacra (IceCv)
  A hound zombie (D:3)
  5 adders
  5 gnolls (D:8)
  2 howler monkey skeletons
  5 naga simulacra (IceCv)
  11 white imps (IceCv)
  6 ufetubi
  3 worms
  A dart slug (D:4)
  51 orcs
  7 ball pythons
  7 endoplasms
  3 giant cockroaches
  12 goblins
  15 hobgoblins
  6 kobolds
  2 quokkas
  6 bats
  A frilled lizard (D:3)
  5 rats
699 creatures vanquished.

Vanquished Creatures (collateral kills)
  Asterion (Elf:2)
  An orc warlord (Orc:2)
  A deep elf sorcerer (Elf:1)
  Harold (Orc:1)
  Erica (Orc:1)
  5 dancing weapons (Elf:2)
  An orc high priest (Orc:2)
  A deep elf knight (Elf:3)
  An orc knight (Orc:2)
  A tengu zombie (WizLab)
  A deep elf archer (Elf:1)
  2 deep elf pyromancers
  A human zombie (WizLab)
  A troll (Orc:1)
  2 fire elementals (Orc:2)
  A hell hound (Orc:2)
  3 orc warriors (Orc:2)
  A boggart (Elf:1)
  An earth elemental (Elf:2)
  2 orcs (D:12)
  A kobold (D:10)
30 creatures vanquished.

Vanquished Creatures (others)
  257 fulminant prisms
  74 fungi
  79 plants
410 creatures vanquished.

Grand Total: 1139 creatures vanquished

Notes
Turn   | Place    | Note
-------+----------+-------------------------------------------
     0 | D:1      | joshe the Deep Elf Conjurer began the quest for the Orb.
     0 | D:1      | Reached XP level 1. HP: 10/10 MP: 6/6
   354 | D:1      | Reached XP level 2. HP: 15/15 MP: 6/8
   357 | D:1      | Learned a level 2 spell: Searing Ray
   407 | D:1      | Reached skill level 5 in Conjurations
   470 | D:1      | Found Coiguoj's Assorted Antiques.
   818 | D:1      | Found a faded altar of an unknown god.
  1228 | D:1      | Bought a scroll labelled GIOSITOARA for 27 gold pieces
  1534 | D:2      | Reached XP level 3. HP: 19/19 MP: 7/9
  1836 | D:2      | You fall into a shaft and drop 1 floor!
  2201 | D:3      | Found a shimmering blue altar of Sif Muna.
  2810 | D:3      | Reached XP level 4. HP: 24/24 MP: 6/11
  2815 | D:3      | Learned a level 4 spell: Fulminant Prism
  3177 | D:3      | Reached skill level 4 in Spellcasting
  3177 | D:3      | Reached skill level 1 in Hexes
  3806 | D:4      | Learned a level 4 spell: Iskenderun's Mystic Blast
  3815 | D:4      | Reached XP level 5. HP: 28/28 MP: 6/13
  3954 | D:4      | Noticed an ogre
  3967 | D:4      | Killed an ogre
  4146 | D:4      | Reached skill level 5 in Spellcasting
  4308 | D:4      | Reached skill level 1 in Translocations
  4316 | D:4      | Reached XP level 6. HP: 32/32 MP: 5/15
  4781 | D:4      | Reached skill level 6 in Spellcasting
  5454 | D:5      | Entered Level 5 of the Dungeon
  5715 | D:5      | Reached XP level 7. HP: 36/36 MP: 11/18
  5895 | D:5      | Noticed a two-headed ogre
  5907 | D:5      | Killed a two-headed ogre
  5908 | D:5      | Reached skill level 7 in Spellcasting
  5908 | D:5      | Reached skill level 8 in Spellcasting
  5908 | D:5      | Reached skill level 5 in Hexes
  5908 | D:5      | Reached XP level 8. HP: 41/41 MP: 4/22
  6109 | D:5      | Found a white marble altar of Elyvilon.
  6116 | D:5      | Found a sparkling altar of Nemelex Xobeh.
  6329 | D:5      | Noticed Kazon's ghost (novice HOMo)
  6367 | D:5      | Found a runed translucent gate.
  6368 | D:5      | Found a runed translucent gate.
  6372 | D:5      | Found a runed translucent gate.
  6461 | D:5      | Found a glowing silver altar of Zin.
  6875 | D:1      | Bought 3 scrolls of identify for 162 gold pieces
  8010 | D:6      | Reached XP level 9. HP: 45/45 MP: 15/23
  8032 | D:6      | Reached skill level 9 in Spellcasting
  8202 | D:6      | Found a staircase to the Ecumenical Temple.
  8217 | Temple   | Entered the Ecumenical Temple
  8405 | Temple   | Became a worshipper of Vehumet
  8824 | D:7      | Reached skill level 10 in Spellcasting
  8939 | D:7      | Reached skill level 10 in Hexes
  9200 | D:7      | Found a shadowy altar of Dithmenos.
  9303 | D:7      | Found a basalt altar of Yredelemnul.
  9495 | D:8      | Reached skill level 11 in Spellcasting
 10106 | D:8      | Reached * piety under Vehumet
 10106 | D:8      | Offered knowledge of Foxfire by Vehumet.
 10365 | D:8      | Reached XP level 10. HP: 50/50 MP: 11/27
 10447 | D:8      | Learned a level 3 spell: Stone Arrow
 10623 | D:8      | Reached skill level 1 in Earth Magic
 11222 | D:9      | Reached skill level 1 in Evocations
 11233 | D:9      | Noticed an elephant
 11234 | D:9      | Found a staircase to the Lair.
 11242 | D:9      | Killed an elephant
 11243 | D:9      | Reached skill level 5 in Translocations
 11376 | D:9      | Found a runed translucent gate.
 11377 | D:9      | Found a runed translucent gate.
 11377 | D:9      | Found a runed translucent gate.
 11378 | D:9      | Found an opulent altar of Gozag.
 11382 | D:9      | Noticed Icepheonix32's ghost (novice DrTm)
 11382 | D:9      | Noticed a gargoyle
 11516 | D:9      | Reached skill level 12 in Spellcasting
 11593 | D:9      | Paralysed by a hornet for 1 turns
 11715 | D:9      | Found a flagged portal.
 11716 | D:9      | Reached ** piety under Vehumet
 11724 | Bailey   | Entered a bailey
 11775 | Bailey   | Offered knowledge of Static Discharge by Vehumet.
 11961 | Bailey   | Noticed an orc knight
 11970 | Bailey   | Killed an orc knight
 11971 | Bailey   | Reached skill level 10 in Conjurations
 11971 | Bailey   | Reached XP level 11. HP: 54/54 MP: 5/29
 12145 | Bailey   | Found a large runed translucent door.
 12145 | Bailey   | Found a large runed translucent door.
 12146 | Bailey   | Noticed a deep elf zephyrmancer
 12201 | Bailey   | Killed a deep elf zephyrmancer
 12222 | Bailey   | Identified the +1 robe "Zaets" {rPois}
 12223 | Bailey   | Identified the +9 chain mail "Ducso" {rN++ Will- Str+4}
 12224 | Bailey   | Identified the +2 scale mail "Jiosez" {Str+4 Stlth+}
 12493 | D:9      | Noticed a boulder beetle
 12737 | D:9      | Learned a level 3 spell: Mephitic Cloud
 12819 | D:9      | Killed a boulder beetle
 12820 | D:9      | Reached skill level 1 in Air Magic
 12820 | D:9      | Reached skill level 1 in Poison Magic
 13289 | D:5      | Killed Kazon's ghost
 13502 | Lair:1   | Entered Level 1 of the Lair of Beasts
 13580 | Lair:1   | Noticed Sonja
 13586 | Lair:1   | Killed Sonja
 13587 | Lair:1   | Reached skill level 13 in Spellcasting
 13892 | Lair:1   | Reached skill level 14 in Spellcasting
 13903 | Lair:1   | Offered knowledge of Scorch by Vehumet.
 14866 | Lair:2   | Reached XP level 12. HP: 59/59 MP: 16/32
 14871 | Lair:2   | Found a gate leading to a gauntlet.
 14880 | Gauntlet | Entered a Gauntlet
 14880 | Gauntlet | Found a transporter.
 14880 | Gauntlet | Found a transporter.
 14938 | Gauntlet | Found a transporter.
 14941 | Gauntlet | Found a transporter.
 14941 | Gauntlet | Found a transporter.
 14942 | Gauntlet | Found a transporter.
 14943 | Gauntlet | Found a large runed translucent door.
 14945 | Gauntlet | Found a large runed translucent door.
 14946 | Gauntlet | Found a large runed translucent door.
 14946 | Gauntlet | Found a large runed translucent door.
 14946 | Gauntlet | Found a runed translucent door.
 14947 | Gauntlet | Found a large runed translucent door.
 14951 | Gauntlet | Found a large runed translucent door.
 14951 | Gauntlet | Found a large runed translucent door.
 14952 | Gauntlet | Found a large runed translucent door.
 14954 | Gauntlet | Found a runed translucent gate.
 14956 | Gauntlet | Found a transporter.
 14960 | Gauntlet | Found a transporter.
 14972 | Gauntlet | Found a transporter.
 15002 | Gauntlet | Found a runed translucent gate.
 15003 | Gauntlet | Found a runed translucent door.
 15003 | Gauntlet | Found a runed translucent gate.
 15004 | Gauntlet | Found a transporter.
 15008 | Gauntlet | Found a transporter.
 15014 | Gauntlet | Found a large runed translucent door.
 15014 | Gauntlet | Found a large runed translucent door.
 15020 | Gauntlet | Found a transporter.
 15052 | Gauntlet | Found a large runed translucent door.
 15052 | Gauntlet | Found a large runed translucent door.
 15055 | Gauntlet | Found a large runed translucent door.
 15055 | Gauntlet | Found a large runed translucent door.
 15056 | Gauntlet | Found a large runed translucent door.
 15057 | Gauntlet | Found a large runed translucent door.
 15439 | Gauntlet | Reached skill level 15 in Spellcasting
 15447 | Gauntlet | Identified the ring of Sewit {rF+ Will+ Str+2}
 15517 | Gauntlet | Reached *** piety under Vehumet
 15520 | Gauntlet | Identified the ring of Xonatam {rC+ Int+6 Slay+2}
 15613 | Gauntlet | Identified the ring "Otoddona" {rF- rN+ EV+4 Int+4}
 15613 | Gauntlet | Noticed a minotaur
 15662 | Gauntlet | Identified the +2 leather armour of Untruth {rElec Will+
                  | Regen+ Dex+2}
 15825 | Lair:2   | Noticed Prince Ribbit
 15833 | Lair:2   | Killed Prince Ribbit
 15841 | Lair:2   | Noticed a five-headed hydra
 15844 | Lair:2   | Noticed a seven-headed hydra
 15890 | Lair:1   | Killed a five-headed hydra
 16135 | Lair:2   | Killed a seven-headed hydra
 16136 | Lair:2   | Reached skill level 15 in Hexes
 16977 | Lair:3   | Noticed a five-headed hydra
 16983 | Lair:3   | Killed a five-headed hydra
 16983 | Lair:3   | Offered knowledge of Conjure Flame by Vehumet.
 16990 | Lair:3   | Reached skill level 16 in Spellcasting
 17090 | Lair:3   | Reached **** piety under Vehumet
 17195 | Lair:3   | Noticed a five-headed hydra
 17200 | Lair:3   | Killed a five-headed hydra
 17207 | Lair:3   | Identified the +1 scale mail of Wyer Synoa {Int+2}
 17213 | Lair:3   | Offered knowledge of Fireball by Vehumet.
 17221 | Lair:3   | Learned a level 5 spell: Fireball
 17265 | Lair:3   | Noticed Gastronok
 17295 | Lair:3   | Reached skill level 1 in Fire Magic
 17298 | Lair:3   | Found a dark tunnel.
 17410 | Volcano  | Entered a volcano
 17444 | Volcano  | Reached XP level 13. HP: 63/63 MP: 26/35
 17747 | Volcano  | Reached skill level 5 in Fire Magic
 18015 | Lair:3   | Killed Gastronok
 18820 | Lair:4   | Reached ***** piety under Vehumet
 18820 | Lair:4   | Offered knowledge of Ozocubu's Refrigeration by Vehumet.
 19031 | Lair:4   | Reached skill level 5 in Dodging
 19328 | Lair:4   | Found a hole to the Spider Nest.
 19530 | Lair:4   | Found a staircase to the Shoals.
 19956 | Lair:5   | Reached skill level 10 in Fire Magic
 21048 | Lair:6   | Entered Level 6 of the Lair of Beasts
 21053 | Lair:6   | Reached skill level 17 in Spellcasting
 21268 | Lair:6   | Reached XP level 14. HP: 68/68 MP: 26/37
 21502 | Lair:6   | Reached skill level 18 in Spellcasting
 21878 | Lair:6   | Found a staircase to the Slime Pits.
 23394 | D:9      | Killed Icepheonix32's ghost
 23395 | D:9      | Reached skill level 1 in Fighting
 23797 | D:1      | Bought a scroll labelled KUD ADIPOHA for 27 gold pieces
 23797 | D:1      | Bought a potion of brilliance for 108 gold pieces
 24012 | D:10     | Entered Level 10 of the Dungeon
 24030 | D:10     | Offered knowledge of Spellforged Servitor by Vehumet.
 24039 | D:10     | Learned a level 7 spell: Spellforged Servitor
 24247 | D:10     | Found Taty's Magic Scroll Boutique.
 24250 | D:10     | Noticed Snorg
 24256 | D:10     | Killed Snorg
 24257 | D:10     | Reached skill level 1 in Summonings
 24264 | D:10     | Bought a scroll of magic mapping for 49 gold pieces
 24264 | D:10     | Bought a scroll of amnesia for 49 gold pieces
 24264 | D:10     | Bought a scroll of identify for 28 gold pieces
 24800 | D:10     | Bought a scroll of identify for 28 gold pieces
 24800 | D:10     | Bought a scroll of identify for 28 gold pieces
 24800 | D:10     | Bought a scroll of identify for 28 gold pieces
 24900 | D:11     | Found a frozen archway.
 24952 | IceCv    | Entered an ice cave
 25507 | IceCv    | Noticed a reaper
 25510 | IceCv    | Killed a reaper
 25538 | IceCv    | Identified the +1 ring mail of Hedge Wizardry {Str+6 Dex+2
                  | Stlth-}
 25550 | IceCv    | Identified the +1 robe of Sipebre {Rampage Stlth+}
 26004 | D:11     | Offered knowledge of Irradiate by Vehumet.
 26005 | D:11     | Reached skill level 5 in Summonings
 26088 | D:11     | Identified the +1 war axe of the Pure Violins {flame,
                  | *Noise MP-9 Str+9 Dex+6}
 26258 | D:11     | Reached skill level 5 in Earth Magic
 27247 | D:12     | Found Axairr's Antique Weapon Shop.
 27338 | D:12     | Learned a level 8 spell: Ignition
 27347 | D:12     | Learned a level 8 spell: Lehudib's Crystal Spear
 27409 | D:12     | Found a staircase to the Orcish Mines.
 27823 | D:12     | Found a transporter.
 27824 | D:12     | Noticed AlmostDecent's ghost (journeyman TeFi)
 27838 | D:12     | Found a transporter.
 27972 | D:12     | Reached XP level 15. HP: 32/76 MP: 37/39
 27986 | D:12     | Killed AlmostDecent's ghost
 28004 | D:12     | Identified the amulet "Joefyul" {RegenMP Rampage Str+2
                  | Dex+3}
 28014 | D:12     | Identified the +10 rapier of Vugomod {drain, Str+4}
 28139 | Orc:1    | Entered Level 1 of the Orcish Mines
 28142 | Orc:1    | Noticed Fannar
 28150 | Orc:1    | Noticed Erica
 28152 | Orc:1    | Killed Fannar
 28156 | Orc:1    | Killed Erica
 28234 | Orc:1    | Noticed Harold
 28239 | Orc:1    | Killed Harold
 28244 | Orc:1    | Found Hisom's Antique Weapon Boutique.
 28545 | Orc:1    | Found Qiemig's Magic Scroll Shoppe.
 28558 | Orc:1    | Bought a scroll of identify for 28 gold pieces
 28558 | Orc:1    | Bought a scroll of identify for 28 gold pieces
 28830 | Orc:2    | Entered Level 2 of the Orcish Mines
 28883 | Orc:2    | Noticed an orc warlord
 28894 | Orc:2    | Killed an orc warlord
 29490 | Orc:2    | Noticed Maurice
 29494 | Orc:2    | Killed Maurice
 29662 | Orc:2    | Found Zoneedi's Jewellery Emporium.
 29710 | Orc:2    | Bought the ring "Plog" {Fire rElec rPois Stlth+} for 644
                  | gold pieces
 29853 | Orc:2    | Offered knowledge of Eringya's Noxious Bog by Vehumet.
 29859 | Orc:2    | Found Lixepod's Antique Weapon Shoppe.
 29860 | Orc:2    | Noticed Azrael
 29863 | Orc:2    | Killed Azrael
 29867 | Orc:2    | Found Pubbiat's Antique Armour Shoppe.
 30055 | Orc:2    | Bought an embroidered cloak for 217 gold pieces
 30066 | Orc:2    | Found a staircase to the Elven Halls.
 30221 | Orc:2    | Found Xomigeck's General Store.
 30231 | Orc:2    | Bought a potion of brilliance for 68 gold pieces
 30231 | Orc:2    | Bought a potion of brilliance for 68 gold pieces
 30526 | Elf:1    | Entered Level 1 of the Elven Halls
 31314 | Elf:1    | Noticed a deep elf sorcerer
 31326 | Elf:1    | Killed a deep elf sorcerer
 31785 | Elf:1    | Reached skill level 10 in Earth Magic
 31993 | Elf:1    | Reached XP level 16. HP: 80/80 MP: 29/40
 32121 | Elf:1    | Offered knowledge of Conjure Ball Lightning by Vehumet.
 32632 | Elf:2    | Reached skill level 19 in Spellcasting
 32767 | Elf:2    | Found a runed translucent gate.
 32767 | Elf:2    | Found a runed translucent gate.
 32770 | Elf:2    | Found a runed translucent gate.
 33096 | Elf:2    | Identified a scroll of acquirement
 33146 | Elf:2    | Noticed Asterion
 33152 | Elf:2    | Killed Asterion
 33475 | Elf:2    | Found a runed translucent gate.
 33476 | Elf:2    | Found a runed translucent gate.
 33476 | Elf:2    | Found a runed translucent gate.
 33581 | Elf:2    | Found Izaasaq's Antique Armour Shop.
 33901 | Elf:2    | Noticed a deep elf blademaster
 33906 | Elf:2    | Noticed Donald
 33907 | Elf:2    | Killed a deep elf blademaster
 33933 | Elf:2    | Reached skill level 15 in Fire Magic
 33963 | Elf:2    | Killed Donald
 34532 | Elf:3    | Entered Level 3 of the Elven Halls
 34538 | Elf:3    | Reached skill level 20 in Spellcasting
 34671 | Elf:3    | Found a magical portal.
 34680 | WizLab   | Entered Doroklohe's Tomb
 34976 | WizLab   | Offered knowledge of Lightning Bolt by Vehumet.
 34977 | WizLab   | Killed from afar by an ancient lich

Illustrated notes

Levels and vault maps discovered:
D:1:      eino_arrival_water_cross, layout_basic, ebering_ecumenical_altar_hall,
          serial_shops, shop
D:2:      layout_loops_ring, corexii_corridor_pit, hangedman_decor_opposing
D:3:      layout_basic, lemuel_tele_altar
D:4:      wad_pebble_path, layout_loops_corners
D:5:      layout_basic, mainiacjoe_overflow_catwalk_spiral, zin_statuary,
          gammafunk_ghost_split, kennysheep_another_room
D:6:      layout_basic, minmay_temple_entry_glass
D:7:      layout_rooms, overflow_temple_1_default, mainiacjoe_overflow_brackets
D:8:      layout_loops_ring
D:9:      layout_roguey, david_lair_generic, enter_bailey_4, ebering_ghost_gozag
D:10:     layout_basic, serial_shops,
          nicolae_shop_temple_entry_statues_fountains, uniq_snorg
D:11:     layout_loops_ring, portal_ice_cave_demonic_guard
D:12:     layout_basic, erik_orc_4, serial_shops, shop,
          gammafunk_ghost_berserking_beasts, hangedman_abyss_or_decor_stagger
Temple:   compressed_dpeg_circular_temple
Lair:1:   layout_misc_corridors, st_stairs_6, infiniplex_staircase_pool_2,
          grunt_megastairs_5, uniq_sonja
Lair:2:   layout_cellular_growth, gauntlet_entry_generic, uniq_prince_ribbit2
Lair:3:   layout_misc_corridors, nicolae_volcano_entry_batcave, uniq_gastronok
Lair:4:   layout_gridlike, elwin_shoals_entry_rocks,
          spider_nest_entry_web_field, serial_bayou_pond_d, minivault_27
Lair:5:   layout_cave_pods
Lair:6:   gammafunk_lair_ancient_temple, layout_small_grid,
          nicolae_slime_entry_slimehenge, lemuel_fruit_fields
Orc:1:    layout_caves, serial_shops, shop, shop, uniq_erica, uniq_harold,
          uniq_fannar
Orc:2:    grunt_orc_gardens, layout_caves, grunt_orc_garden, grunt_orc_garden,
          grunt_orc_garden, grunt_orc_garden, uniq_maurice, uniq_azrael
Elf:1:    eino_elf_arrival_shootout, layout_geoelf_grid, hangedman_elf_disciples
Elf:2:    elven_hall_of_blades_hangedman_original
          [nicolae_blade_entry_area_security], layout_geoelf_grid, serial_shops,
          shop, nicolae_gammafunk_elf_defective_weapons_storage, uniq_donald,
          uniq_asterion
Elf:3:    minmay_elf_hall_not_hex, layout_loops_corners, mu_enter_wizlab_5,
          serial_shops, nicolae_shop_crystal
WizLab:   wizlab_doroklohe

Skill      XL: |  1  2  3  4  5  6  7  8  9 10 11 12 13 14 15 16 |
---------------+-------------------------------------------------+-----
Conjurations   | 5 6 8 10 11 12 13 14 | 14.0
Spellcasting   | 4 5 6 8 11 12 14 16 17 18 20 | 20.0
Hexes          | 3 4 5 8 11 12 14 16 | 16.0
Translocations | 1 3 4 5 |  5.0
Dodging        | 4 5 |  5.0
Stealth        | 3 |  3.0
Earth Magic    | 4 7 10 12 | 12.7
Evocations     | 3 4 |  4.0
Air Magic      | 2 |  2.0
Poison Magic   | 2 |  2.0
Fire Magic     | 2 10 11 14 15 | 15.0
Fighting       | 2 |  2.0
Summonings     | 5 8 |  8.0

Action                   |  1- 3 |  4- 6 |  7- 9 | 10-12 | 13-15 | 16-18 || total
-------------------------+-------+-------+-------+-------+-------+-------++-------
Melee: Dagger            |       |       |     4 |     1 |       |       ||     5
       Staff             |       |       |       |     4 |     7 |       ||    11
Throw: Dart              |       |       |       |     2 |       |       ||     2
 Cast: Magic Dart        |    65 |    49 |    24 |    22 |     4 |     5 ||   169
       Searing Ray       |     4 |    16 |    16 |    14 |     1 |     1 ||    52
       Fulminant Prism   |       |     5 |    61 |    94 |    83 |    14 ||   257
       Iskenderun's Myst |       |       |     6 |    44 |    47 |    14 ||   111
       Stone Arrow       |       |       |       |    68 |    53 |     1 ||   122
       Mephitic Cloud    |       |       |       |     2 |     5 |     2 ||     9
       Fireball          |       |       |       |       |   244 |    40 ||   284
       Spellforged Servi |       |       |       |       |    21 |    17 ||    38
       Ignition          |       |       |       |       |     3 |     2 ||     5
       Lehudib's Crystal |       |       |       |       |     2 |    17 ||    19
Evoke: Wand              |       |       |       |    10 |    19 |     3 ||    32
       Condenser vane    |       |       |       |       |     1 |       ||     1
       Box of beasts     |       |       |       |       |       |     1 ||     1
  Use: Scroll            |     2 |       |     9 |     8 |    12 |     9 ||    40
       Potion            |       |       |       |     3 |     3 |     9 ||    15
Armor: Robe              |       |     4 |       |     2 |       |     4 ||    10
       Troll leather arm |       |       |       |     2 |       |       ||     2
       Leather armour    |       |       |       |    11 |    13 |       ||    24
Dodge: Dodged            |     3 |    10 |    11 |    79 |    51 |     9 ||   163
